 Dungeon Crawl Stone Soup version 0.25-a0-55-g0753fd1ad2 (webtiles) character file.

Game seed: 3212087103409735751, levelgen mode: deterministic

61 Analysis the Shooter (level 3, -1/30 HPs)
             Began as a Centaur Hunter on Oct 25, 2019.
             Slain by a worker ant (7 damage)
             ... on level 3 of the Dungeon.
             The game lasted 00:09:31 (2802 turns).

Analysis the Shooter (Centaur Hunter)               Turns: 2802, Time: 00:09:32

Health: -1/30      AC:  5    Str: 15    XL:     3   Next: 83%
Magic:  3/3        EV:  9    Int: 10    God:
Gold:   132        SH:  0    Dex:  9    Spells: 2/2 levels left

rFire    . . .     SeeInvis .   a - +1 shortbow
rCold    . . .     Gourm    .   (shield currently unavailable)
rNeg     . . .     Faith    .   c - +0 leather armour
rPois    .         Spirit   .   (no helmet)
rElec    .         Reflect  .   (no cloak)
rCorr    .         Harm     .   u - +0 pair of gloves
MR       .....                  (no barding)
Stlth    +.........             (no amulet)
HPRegen  0.10/turn              (no ring)
MPRegen  0.08/turn              (no ring)

@: lethally poisoned (-1 -> -4), very quick
A: large, hooves 3, deformed body, speed 2, tough skin 3
a: no special abilities


You were on level 3 of the Dungeon.
You were not hungry.

You visited 1 branch of the dungeon, and saw 4 of its levels.

You collected 132 gold pieces.

Inventory:

Hand Weapons
 a - a +1 shortbow (weapon)
 b - a +0 short sword
Missiles
 d - 37 arrows (quivered)
Armour
 c - a +0 leather armour (worn)
 u - a +0 pair of gloves (worn)
Jewellery
 t - an uncursed amulet of regeneration {unknown}
Scrolls
 e - 6 scrolls of identify {unknown}
 g - 2 scrolls of blinking {unknown}
 h - 2 scrolls of noise {unknown}
 i - a scroll of enchant armour {unknown}
 j - 4 scrolls of enchant weapon {unknown}
 l - a scroll of fear {unknown}
 s - 2 scrolls of teleportation {unknown}
Potions
 k - a potion of degeneration {unknown}
 m - 2 potions of flight {unknown}
 n - 2 potions of brilliance {unknown}
 o - a potion of resistance {unknown}
 p - a potion of might {unknown}
 q - 3 potions of curing {unknown}
 v - a potion of haste {unknown}
Comestibles
 f - 10 rations


   Skills:
 + Level 2.9 Fighting
 * Level 6.7 Bows
 - Level 1.3 Dodging
 - Level 0.4 Stealth


You had 2 spell levels left.
You didn't know any spells.
Your spell library was empty.

Dungeon Overview and Level Annotations

Branches:
Dungeon (4/15)
 Temple: D:4-7

Altars:
Hepliaklqana
Qazlal


Innate Abilities, Weirdness & Mutations

You have hooves in place of feet.
Armour fits poorly on your strangely shaped body.
You cover ground very quickly.
You have extremely tough skin. (AC +3)


Message History

There is a stone staircase leading up here.
The worker ant bites you.
You climb upwards.
You feel sick.
There is a stone staircase leading down here.
a - a +1 shortbow (weapon)
The worker ant bites you but does no damage.
Firing (i - inventory)
d - 39 arrows (quivered)
Press: ? - help, Shift-Dir - straight line, f - worker ant
Aim: a worker ant (severely wounded)
You shoot an arrow.
The arrow closely misses the worker ant.
You feel sick. The worker ant bites you.
* * * LOW HITPOINT WARNING * * *
Firing (i - inventory)
d - 38 arrows (quivered)
Press: ? - help, Shift-Dir - straight line, f/p - worker ant
Aim: a worker ant (severely wounded)
You shoot an arrow.
The arrow closely misses the worker ant.
The worker ant bites you!
You die...

##.# ###### #..#
###### #.## #.....
###.####.####
#........# # ########
########## # #......#
#......# #####
#....@.# #...#####
#...a..# #.#.....###
#......####.#####...##
#........##.# ###...
#(.....#.##.# ##....
#........##.#####..##.
#.................###.
#########....[.#####..
####...##.# ###.#


You could see a worker ant.

Vanquished Creatures
  An adder (D:3)
  2 oozes
  A dart slug (D:1)
  A ball python (D:1)
  5 giant cockroaches
  3 hobgoblins
  5 jackals (D:3)
  2 bats
  7 frilled lizards
  6 goblins
  4 kobolds
  4 rats
41 creatures vanquished.

Notes
Turn   | Place    | Note
-------+----------+-------------------------------------------
     0 | D:1      | Analysis the Centaur Hunter began the quest for the Orb.
     0 | D:1      | Reached XP level 1. HP: 17/17 MP: 1/1
   130 | D:1      | Reached XP level 2. HP: 24/24 MP: 2/2
   751 | D:1      | Reached skill level 6 in Bows
  1539 | D:2      | Reached XP level 3. HP: 26/30 MP: 3/3
  2230 | D:3      | Found a hazy altar of Hepliaklqana.
  2294 | D:3      | Found a stormy altar of Qazlal.
  2802 | D:3      | Slain by a worker ant

Levels and vault maps discovered:
D:1:      wander_arrival_lonely_grave, layout_basic, minivault_4,
          minmay_worlds_worst_comb
D:2:      layout_loops_ring
D:3:      layout_rooms, nicolae_qazlal_general_emergency,
          nicolae_overflow_crystal_walls
D:4:      layout_basic, minmay_temple_entry_mini_moons, serial_shops, shop,
          shop, nicolae_shop_stone, kennysheep_mini, grunt_ministairs_6,
          uniq_natasha

Table legend:
 A = Non-vault XP
 B = Vault XP
 C = Vault XP percentage of total XP
 D = Non-vault monster count
 E = Vault monster count
 F = Vault count percentage of total count
                 A         B        C        D         E       F
            +---------+---------+-------+---------+---------+-------
      Total |      80 |       8 |   9.1 |      37 |       4 |   9.8
            +---------+---------+-------+---------+---------+-------
        D:1 |      31 |       8 |  20.5 |      17 |       4 |  19.0
        D:2 |       9 |       0 |   0.0 |       6 |       0 |   0.0
        D:3 |      40 |       0 |   0.0 |      14 |       0 |   0.0
            +---------+---------+-------+---------+---------+-------
